 Dungeon Crawl Stone Soup version 0.18.1-48-g4cf74bf (console) character file.

14 utis the Grasshopper (level 2, -3/22 HPs)
             Began as a Human Warper on Aug 26, 2016.
             Killed from afar by Jessica (4 damage)
             ... with a wand of flame
             ... on level 2 of the Dungeon.
             The game lasted 00:04:13 (1165 turns).

utis the Grasshopper (Human Warper)                 Turns: 1165, Time: 00:04:14

Health: -3/22      AC:  0    Str: 11    XL:     2   Next: 55%
Magic:  2/5        EV: 12    Int: 13    God:
Gold:   50         SH:  0    Dex: 12    Spells: 3 memorised, 0 levels left

rFire  + . .     SeeInvis .     a - +1 falchion
rCold  + . .     Gourm    .     (no armour)
rNeg   . . .     Faith    .     (no shield)
rPois  +         Spirit   .     (no helmet)
rElec  +         Dismiss  .     (no cloak)
rCorr  +         Reflect  .     (no gloves)
SustAt .         Harm     .     (no boots)
MR     .....                    (no amulet)
Stlth  +.........               (no ring)
                                (no ring)

@: resistant, very slightly contaminated, not resistant to hostile enchantments,
very unstealthy
A: no striking features
a: no special abilities


You were on level 2 of the Dungeon.
You were not hungry.

You visited 1 branch of the dungeon, and saw 2 of its levels.

You collected 50 gold pieces.

Inventory:

Hand Weapons
 a - a +1 falchion (weapon)
Missiles
 b - 90 stones (quivered)
 e - 5 tomahawks of dispersal {=f}
 j - 14 arrows
 o - 10 sling bullets
Scrolls
 d - a scroll of blinking
 l - a scroll of recharging {unknown}
 p - 2 scrolls of identify {@r1}
Books
 c - a book of Spatial Translocations

   Spells                             Type                      Level
   a - Apportation                    Translocation                1
   b - Blink                          Translocation                2
   c - Shroud of Golubria             Charms/Translocation         2
   d - Portal Projectile              Translocation                3
   e - Teleport Other                 Translocation                3
   f - Passage of Golubria            Translocation                4
Comestibles
 f - a bread ration {@e1}
 g - a beef jerky {@e2}
 h - a meat ration {@e1}
 i - 4 fruits {@e2}
 m - a slice of pizza {@e2}


   Skills:
 - Level 2.0 Fighting
 * Level 2.7 Long Blades
 - Level 1.0 Throwing
 - Level 1.0 Armour
 + Level 2.2 Dodging
 - Level 2.0 Spellcasting
 + Level 3.0 Translocations


You couldn't memorise any spells.
You knew the following spells:

 Your Spells              Type           Power        Failure   Level  Hunger
a - Apportation           Tloc           #.........   10%         1    ##.....
g - Shroud of Golubria    Chrm/Tloc      #.........   21%         2    ###....
v - Blink                 Tloc           N/A          12%         2    ###....


Dungeon Overview and Level Annotations

Branches:
Dungeon (2/15)

Altars:

Annotations:
D:2 Jessica


Message History

Pain shoots through your body!
Ouch! That really hurt!
* * * LOW HITPOINT WARNING * * *
Unknown command.
Casting: Shroud of Golubria
Confirm with . or Enter, or press ? or * to list all spells.
You miscast Shroud of Golubria.
You are very lightly contaminated with residual magic.
Your hands glow momentarily.
Jessica barely misses you.
You barely miss Jessica.
Jessica zaps a wand.
The puff of flame hits you!
* * * LOW HITPOINT WARNING * * *
It is a wand of flame.
Jessica grins evilly.
Jessica hits you.
* * * LOW HITPOINT WARNING * * *
Unknown command.
Drink which item? (? for menu, Esc to quit)
You feel protected.
Jessica zaps a wand.
The puff of flame hits you! You resist.
You die...

....................░
..........░.......░.░
..........░.......░
..........░.░░░░░.░
..............░░░.░
░.........░░░..░░.░
........... ░░....░
...........░ ░░░@.░
...........░ ░p.░░
.........░░ ░...░
...░...░░
░.░.░░░░░░░░░ ░░░░░░
░.░.........░
░.░░........░
░.░░░.......░
░░.░░░.†.....░
░...░░.......░
░...░░.......░


You could see Jessica.

Vanquished Creatures
  2 bats (D:1)
  A giant cockroach (D:1)
  2 goblins
  A hobgoblin (D:1)
  3 kobolds
  A giant newt (D:1)
  2 rats
12 creatures vanquished.

Notes
Turn   | Place    | Note
--------------------------------------------------------------
     0 | D:1      | utis the Human Warper began the quest for the Orb.
     0 | D:1      | Reached XP level 1. HP: 16/16 MP: 3/3
     6 | D:1      | Naked time!
   273 | D:1      | Reached XP level 2. HP: 22/22 MP: 5/5
   277 | D:1      | Learned a level 2 spell: Shroud of Golubria
   280 | D:1      | Learned a level 2 spell: Blink
   677 | D:1      | yeah
  1138 | D:2      | Noticed Jessica
  1164 | D:2      | HP: 1/22 [Jessica (4)]
  1165 | D:2      | Killed from afar by Jessica

Action                   || total
-------------------------++-------
Melee: Falchion          ||    36
Throw: Stone             ||    12
 Cast: Shroud of Golubri ||     4
       Apportation       ||     3
  Use: Scroll            ||     3
       Potion            ||     1
  Eat: Chunk             ||     1
Dodge: Dodged            ||    24
